 Dungeon Crawl Stone Soup version 0.28.0-62-gf88900778d (webtiles) character file.

Game seed: 16466030410656799615

94 infinitevox the Ducker (level 4, 0/31 (32) HPs)
             Began as a Demonspawn Wanderer on Apr 14, 2023.
             Was an Initiate of Ru.
             Slain by Crazy Yiuf
             ... wielding a +4 quarterstaff of chaos
              (13 damage)
             ... on level 3 of the Dungeon.
             The game lasted 00:08:21 (2674 turns).

infinitevox the Ducker (Demonspawn Wanderer)        Turns: 2674, Time: 00:08:21

HP:   0/31 (32)     AC:  4    Str: 10    XL:     4   Next: 38%
MP:   5/5           EV: 14    Int: 10    God:    Ru [......]
Gold: 51            SH:  0    Dex: 20    Spells: 5/5 levels left

rFire   . . .      SeeInvis .   l - +0 mace (venom)
rCold   . . .      Faith    .   (no shield)
rNeg    . . .      Spirit   .   c - +0 leather armour
rPois   .          Reflect  .   (no helmet)
rElec   .          Harm     .   (no cloak)
rCorr   .          Rampage  .   f - +0 pair of gloves
Will    .....                   (no boots)
Stlth   ..........              k - amulet of magic regeneration
HPRegen 0.10/turn               (no ring)
MPRegen 0.58/turn               (no ring)

@: lightly drained
A: hooves 1, magic regeneration, no stealth
a: Renounce Religion


You were on level 3 of the Dungeon.
You worshipped Ru.
Ru was noncommittal.
You visited 1 branch of the dungeon, and saw 3 of its levels.

You collected 51 gold pieces.

Inventory:

Hand Weapons
 a - a +0 falchion
 l - a +0 mace of venom (weapon)
Missiles
 b - a throwing net (quivered)
Armour
 c - a +0 leather armour (worn)
 f - a +0 pair of gloves (worn)
Jewellery
 k - an amulet of magic regeneration (around neck)
Scrolls
 j - a scroll of teleportation
Potions
 d - 2 potions of attraction
 e - a potion of flight
 h - a potion of invisibility {unknown}
 i - a potion of lignification


   Skills:
 + Level 1.0 Fighting
 + Level 3.1 Long Blades
 - Level 1.0 Throwing
 + Level 4.4 Dodging
 - Level 1.0 Spellcasting
 - Level 1.0 Evocations


You had 5 spell levels left.
You didn't know any spells.
Your spell library contained the following spells:

 Spells                   Type           Power      Damage    Failure   Level
 Sandblast                Erth           0%         2d4       43%         1
 Passwall                 Tmut/Erth      0%         N/A       56%         2
 Stone Arrow              Conj/Erth      0%         3d7       80%         3


Dungeon Overview and Level Annotations

Branches:
Dungeon (3/15)

Altars:
Ru
Uskayaw

Annotations:
D:2 Sigmund
D:3 Crazy Yiuf


Innate Abilities, Weirdness & Mutations

You have large cloven feet.
You regenerate magic rapidly.
You cannot be stealthy.


Message History

HP restored.
Found a stone staircase leading down.
You see here an adder corpse.
You now have 51 gold pieces (gained 6).
You see here an adder corpse.
There is a stone staircase leading down here.
Found a mace.
Okay, then.
Found a mace.
Found a runed mace.
You see here a +0 mace of venom.
Found a mace.
Found a runed translucent door.
You see here a +0 mace of venom.
l - a +0 mace of venom Your +0 mace of venom begins to drip with poison!
l - a +0 mace of venom (weapon)
Crazy Yiuf shouts!
Crazy Yiuf screams, "East!
Tonal testudinal meccalolo."
You open the door. You hit Crazy Yiuf but do no damage. You kick Crazy Yiuf.
Crazy Yiuf is lightly wounded.
Crazy Yiuf barely misses you. x2
You barely miss Crazy Yiuf. Your kick misses Crazy Yiuf.
Crazy Yiuf is lightly wounded.
Crazy Yiuf says, "Paint head song!"
Crazy Yiuf closely misses you.
You hit Crazy Yiuf.
Crazy Yiuf is poisoned.
You kick Crazy Yiuf.
Crazy Yiuf is moderately wounded.
Crazy Yiuf hits you with a +4 quarterstaff of chaos!
You feel drained. Crazy Yiuf closely misses you.
You hit Crazy Yiuf.
Crazy Yiuf looks as sick as possible!
Your punch misses Crazy Yiuf.
Crazy Yiuf is heavily wounded.
Crazy Yiuf hits you with a +4 quarterstaff of chaos!
You resist with some effort.
As you read the scroll labelled TERGHI MOEFEMN, it crumbles to dust.
It is a scroll of amnesia.
You feel forgetful for a moment.
Crazy Yiuf hits you with a +4 quarterstaff of chaos!
You die...

#........####.##.....####........
.#####.#.......)(##### #........
#.####.#......#### ######.##
#........###### #.# #.####..##
#.# #...###..# #.# ##..# #.## ###
♣♣#### #.# #..###..# #)..#♣♣
♣♣..).## #.# #.......#
#...g@♣♣♣♣......# #.# #.#######
#...#♣..♣.......###.# #.# ###
♣♣♣.♣..).......# #.#
♣♣♣♣♣######### ... #. ##


You could see Crazy Yiuf (extremely poisoned).

Vanquished Creatures
  5 adders
  2 worms
  5 ball pythons
  4 endoplasms
  A giant cockroach (D:1)
  4 goblins
  3 hobgoblins
  2 quokkas
  5 bats
  A frilled lizard (D:2)
  4 kobolds
  8 rats
44 creatures vanquished.

Vanquished Creatures (others)
  2 fungi (D:3)
  2 plants (D:3)
4 creatures vanquished.

Grand Total: 48 creatures vanquished

Notes
Turn   | Place    | Note
-------+----------+-------------------------------------------
     0 | D:1      | infinitevox the Demonspawn Wanderer began the quest for the
                  | Orb.
     0 | D:1      | infinitevox set off with the following items: a +0
                  | falchion, 2 throwing nets, a +0 leather armour, a potion of
                  | attraction
     0 | D:1      | Reached XP level 1. HP: 13/13 MP: 2/2
   289 | D:1      | Gained mutation: You regenerate magic rapidly. [demonic
                  | ancestry]
   289 | D:1      | Reached XP level 2. HP: 19/19 MP: 3/3
   300 | D:1      | You fall into a shaft and drop 1 floor!
   332 | D:2      | Reached skill level 4 in Dodging
   909 | D:2      | Found a hide-covered altar of Uskayaw.
  1280 | D:2      | Reached XP level 3. HP: 22/24 MP: 4/4
  1482 | D:2      | Noticed Sigmund
  2101 | D:3      | Found a faded altar of an unknown god.
  2108 | D:3      | Prayed at the altar of an unknown god.
  2108 | D:3      | Became a worshipper of Ru the Awakened
  2216 | D:3      | Gained mutation: You have large cloven feet. [demonic
                  | ancestry]
  2216 | D:3      | Reached XP level 4. HP: 31/31 MP: 5/5
  2226 | D:3      | Gained mutation: You cannot be stealthy. [Ru sacrifice]
  2531 | D:3      | Reached skill level 1 in Fighting
  2651 | D:3      | Found a runed translucent door.
  2666 | D:3      | Noticed Crazy Yiuf
  2674 | D:3      | Slain by Crazy Yiuf

Illustrated notes

Levels and vault maps discovered:
D:1:      lightli_iron_boxes, layout_rooms
D:2:      layout_basic, basic_altar, kennysheep_generic_room_14, uniq_sigmund
D:3:      layout_rooms, dreamdust_ecumenical_altar_hidden_monk_grotto,
          minmay_rat_hole, uniq_crazy_yiuf_cottage

Skill      XL: |  1  2  3  4 |
---------------+-------------+-----
Long Blades    | 2 3 |  3.1
Dodging        | 4 |  4.4
Stealth        | 0 |  0.0
Fighting       | 1 |  1.0
Throwing       | |  1.0
Spellcasting   | |  1.0
Evocations     | |  1.0

Action                   |  1- 3 |  4- 6 || total
-------------------------+-------+-------++-------
Melee: Falchion          |   149 |    29 ||   178
       Punch             |     3 |     1 ||     4
       Kick              |       |     7 ||     7
       Mace              |       |     4 ||     4
Throw: Throwing net      |     1 |       ||     1
Invok: Sacrifice Stealth |       |     1 ||     1
  Use: Scroll            |     4 |     1 ||     5
       Potion            |       |     1 ||     1
 Stab: Sleeping          |     2 |       ||     2
Armor: Leather armour    |    46 |     3 ||    49
       Skin              |       |    11 ||    11
Dodge: Dodged            |   116 |    14 ||   130
